 Dungeon Crawl Stone Soup version 0.22.0-76-g6cd1571672 (webtiles) character file.

475 Freyura the Magician (level 7, -7/50 HPs)
             Began as a Gnoll Wizard on Sept 16, 2018.
             Mangled by Menkaure (14 damage)
             ... on level 4 of the Dungeon.
             The game lasted 00:15:31 (3670 turns).

Freyura the Magician (Gnoll Wizard)                 Turns: 3670, Time: 00:15:32

Health: -7/50      AC:  5    Str:  9    XL:     7   Next: 10%
Magic:  17/18      EV: 14    Int: 23    God:
Gold:   119        SH:  0    Dex: 13    Spells: 8/21 levels left

rFire    . . .     SeeInvis .   e - +3 dagger (flame)
rCold    . . .     Gourm    .   (no shield)
rNeg     . . .     Faith    .   a - +0 robe
rPois    .         Spirit   .   b - +0 hat
rElec    .         Reflect  .   (no cloak)
rCorr    .         Harm     .   (no gloves)
MR       .....                  q - +2 pair of boots
Stlth    +++.......             (no amulet)
HPRegen  0.16/turn              (no ring)
MPRegen  0.16/turn              (no ring)

@: no status effects
A: distributed training, fangs 1, strong nose
a: no special abilities


You were on level 4 of the Dungeon.
You were full.

You visited 1 branch of the dungeon, and saw 4 of its levels.

You collected 119 gold pieces.

Inventory:

Hand Weapons
 e - a +3 dagger of flaming (weapon)
Armour
 a - a +0 robe (worn)
 b - a +0 hat (worn)
 q - a +2 pair of boots (worn)
Wands
 n - a wand of flame (34)
Scrolls
 g - 2 scrolls of identify
 i - 4 scrolls of remove curse
 j - 2 scrolls of amnesia
 o - 3 scrolls of magic mapping {unknown}
 p - a scroll of immolation {unknown}
Potions
 c - 3 potions of curing
 f - a potion of haste
 h - 2 potions of invisibility {unknown}
 k - 3 potions of lignification
 l - 3 potions of heal wounds {unknown}
 m - a potion of brilliance {unknown}
 r - 2 potions of cancellation {unknown}
Comestibles
 d - 2 rations


   Skills:
 + Level 2.2 Fighting
 + Level 2.2 Short Blades
 + Level 2.2 Long Blades
 + Level 2.2 Axes
 + Level 2.2 Maces & Flails
 + Level 2.2 Polearms
 + Level 2.2 Staves
 + Level 2.2 Slings
 + Level 2.2 Bows
 + Level 2.2 Crossbows
 + Level 2.2 Throwing
 + Level 2.2 Armour
 + Level 5.1 Dodging
 + Level 4.7 Stealth
 + Level 2.2 Shields
 + Level 2.2 Unarmed Combat
 + Level 7.5 Spellcasting
 + Level 2.8 Conjurations
 + Level 1.8 Hexes
 + Level 1.8 Charms
 + Level 2.8 Summonings
 + Level 1.8 Necromancy
 + Level 2.8 Translocations
 + Level 1.8 Transmutations
 + Level 1.8 Fire Magic
 + Level 1.8 Ice Magic
 + Level 1.8 Air Magic
 + Level 1.8 Earth Magic
 + Level 1.8 Poison Magic
 + Level 2.4 Invocations
 + Level 2.2 Evocations


You had 8 spell levels left.
You knew the following spells:

 Your Spells              Type           Power        Failure   Level  Hunger
a - Magic Dart            Conj           ###.         2%          1    None
b - Blink                 Tloc           N/A          3%          2    None
c - Call Imp              Summ           ###.....     3%          2    None
d - Slow                  Hex            ###.....     5%          2    None
e - Conjure Flame         Conj/Fire      ###.....     9%          3    None
f - Mephitic Cloud        Conj/Pois/Air  ###.....     9%          3    None

Your spell library contained the following spells:

 Spells                   Type           Power        Failure   Level  Hunger


Dungeon Overview and Level Annotations

Branches:
Dungeon (4/15)
 Temple: D:4-7

Altars:
Fedhas

Shops:
D:4 *

Annotations:
D:4 Menkaure


Innate Abilities, Weirdness & Mutations

Your experience applies equally to all skills.
You have very sharp teeth.
Your uncanny sense of smell can sniff out nearby items.


Message History

Menkaure hits you!
You hit Menkaure but do no damage.
Menkaure is moderately damaged.
You hit Menkaure. You burn Menkaure.
Menkaure is heavily damaged.
Menkaure hits you!!
You hit Menkaure but do no damage.
Menkaure is heavily damaged.
Menkaure barely misses you.
You barely miss Menkaure. You bite Menkaure, but do no damage.
Menkaure is heavily damaged.
Menkaure casts a spell at you. Pain shoots through your body!
* * * LOW HITPOINT WARNING * * *
You hit Menkaure. You burn Menkaure. You bite Menkaure.
Menkaure is severely damaged.
You hit Menkaure. You burn Menkaure.
Menkaure is almost destroyed.
Menkaure hits you!
You die...

########### #.........# ####
#.........# # .... #.......".#
.. #### ........(.##...
#.....................
#......M..# ..........
#......@..# ..........
#####.....####.#....... ###
##≈≈≈#####..............
..#######≈...≈####..............
...##..#..>....'.#..............
.......#....>..'................
....#..#..>....'..##.###........
....##.##≈...≈##..#..###........
....##..##≈≈≈##...#.##...#......


You could see Menkaure.

Vanquished Creatures
  Sigmund (D:4)
  An ice beast (D:2)
  A bullfrog zombie (D:4)
  An orc priest (D:3)
  A hound skeleton (D:4)
  3 adders
  2 oozes (D:2)
  2 worms (D:3)
  3 dart slugs
  3 leopard geckos
  4 orcs (D:3)
  8 giant cockroaches
  9 goblins
  8 hobgoblins
  4 jackals
  A quokka (D:3)
  15 bats
  5 frilled lizards
  6 kobolds
  8 rats
86 creatures vanquished.

Vanquished Creatures (collateral kills)
  A worm (D:3)
  2 hobgoblins (D:3)
  3 jackals (D:3)
  A rat (D:3)
7 creatures vanquished.

Grand Total: 93 creatures vanquished

Notes
Turn   | Place    | Note
-------+----------+-------------------------------------------
     0 | D:1      | Freyura the Gnoll Wizard began the quest for the Orb.
     0 | D:1      | Reached XP level 1. HP: 13/13 MP: 8/8
    74 | D:1      | Reached XP level 2. HP: 19/19 MP: 2/10
   333 | D:1      | Reached XP level 3. HP: 25/25 MP: 3/11
   337 | D:1      | Learned a level 2 spell: Blink
   340 | D:1      | Learned a level 2 spell: Call Imp
   343 | D:1      | Learned a level 2 spell: Slow
   353 | D:1      | Learned a level 3 spell: Conjure Flame
   357 | D:1      | Learned a level 3 spell: Mephitic Cloud
   705 | D:2      | Reached skill level 1 in Invocations
   786 | D:2      | Reached skill level 1 in Fighting
   786 | D:2      | Reached skill level 1 in Short Blades
   786 | D:2      | Reached skill level 1 in Long Blades
   786 | D:2      | Reached skill level 1 in Axes
   786 | D:2      | Reached skill level 1 in Maces & Flails
   786 | D:2      | Reached skill level 1 in Polearms
   786 | D:2      | Reached skill level 1 in Staves
   786 | D:2      | Reached skill level 1 in Slings
   786 | D:2      | Reached skill level 1 in Bows
   786 | D:2      | Reached skill level 1 in Crossbows
   786 | D:2      | Reached skill level 1 in Throwing
   786 | D:2      | Reached skill level 1 in Armour
   786 | D:2      | Reached skill level 1 in Shields
   786 | D:2      | Reached skill level 1 in Unarmed Combat
   786 | D:2      | Reached skill level 1 in Evocations
   842 | D:2      | Reached XP level 4. HP: 32/32 MP: 9/13
  1152 | D:2      | Noticed an ice beast
  1181 | D:2      | Killed an ice beast
  1181 | D:2      | Reached skill level 1 in Hexes
  1181 | D:2      | Reached skill level 1 in Charms
  1181 | D:2      | Reached skill level 1 in Necromancy
  1181 | D:2      | Reached skill level 1 in Transmutations
  1181 | D:2      | Reached skill level 1 in Fire Magic
  1181 | D:2      | Reached skill level 1 in Ice Magic
  1181 | D:2      | Reached skill level 1 in Air Magic
  1181 | D:2      | Reached skill level 1 in Earth Magic
  1181 | D:2      | Reached skill level 1 in Poison Magic
  1181 | D:2      | Reached XP level 5. HP: 4/37 MP: 1/14
  2407 | D:3      | Reached XP level 6. HP: 44/44 MP: 8/16
  3097 | D:3      | Found a blossoming altar of Fedhas.
  3280 | D:4      | Found Yzugops's General Store.
  3352 | D:4      | Reached skill level 5 in Dodging
  3390 | D:4      | Noticed Sigmund
  3414 | D:4      | Killed Sigmund
  3414 | D:4      | Reached XP level 7. HP: 26/50 MP: 13/18
  3656 | D:4      | Noticed Menkaure
  3670 | D:4      | Mangled by Menkaure

Skill      XL: |  1  2  3  4  5  6 |
---------------+-------------------+-----
Conjurations   | 2 |  2.8
Summonings     | 2 |  2.8
Translocations | 2 |  2.8
Invocations    | 1 2 |  2.4
Fighting       | 1 2 |  2.2
Short Blades   | 1 2 |  2.2
Long Blades    | 1 2 |  2.2
Axes           | 1 2 |  2.2
Maces & Flails | 1 2 |  2.2
Polearms       | 1 2 |  2.2
Staves         | 1 2 |  2.2
Slings         | 1 2 |  2.2
Bows           | 1 2 |  2.2
Crossbows      | 1 2 |  2.2
Throwing       | 1 2 |  2.2
Armour         | 1 2 |  2.2
Shields        | 1 2 |  2.2
Unarmed Combat | 1 2 |  2.2
Evocations     | 1 2 |  2.2
Hexes          | 1 |  1.8
Charms         | 1 |  1.8
Necromancy     | 1 |  1.8
Transmutations | 1 |  1.8
Fire Magic     | 1 |  1.8
Ice Magic      | 1 |  1.8
Air Magic      | 1 |  1.8
Earth Magic    | 1 |  1.8
Poison Magic   | 1 |  1.8
Dodging        | 5 |  5.1
Stealth        | |  4.7
Spellcasting   | |  7.5

Action                   |  1- 3 |  4- 6 |  7- 9 || total
-------------------------+-------+-------+-------++-------
Melee: Dagger            |    32 |    60 |     8 ||   100
       Bite              |     3 |     5 |     2 ||    10
 Cast: Magic Dart        |    52 |   115 |     2 ||   169
       Conjure Flame     |       |     3 |       ||     3
       Call Imp          |       |     6 |       ||     6
  Use: Scroll            |     6 |     2 |       ||     8
 Stab: Sleeping          |     3 |     4 |       ||     7
  Eat: Ration            |       |     2 |     2 ||     4
Armor: Robe              |     7 |     5 |       ||    12
Dodge: Dodged            |    22 |    25 |     2 ||    49
